 Dungeon Crawl Stone Soup version 0.23.2-1-ga50397a6bc (webtiles) character file.

Game seed: 4649438462830008201

372 Lysie the Cleaver (level 6, -3/45 HPs)
             Began as a Hill Orc Fighter on May 9, 2019.
             Slain by a worker ant (6 damage)
             ... on level 4 of the Dungeon.
             The game lasted 00:04:04 (3284 turns).

Lysie the Cleaver (Hill Orc Fighter)                Turns: 3284, Time: 00:04:04

Health: -3/45      AC:  6    Str: 19    XL:     6   Next: 71%
Magic:  6/6        EV:  7    Int: 10    God:
Gold:   135        SH:  8    Dex:  8    Spells: 5/5 levels left

rFire    x . .     SeeInvis .   x - -2 flail (curse)
rCold    + . .     Gourm    .   c - +0 shield
rNeg     . . .     Faith    .   b - +0 scale mail
rPois    .         Spirit   .   (no helmet)
rElec    .         Reflect  .   (no cloak)
rCorr    +         Harm     .   (no gloves)
MR       .....                  (no boots)
Stlth    ..........             l - amulet of rage
HPRegen  0.15/turn              n - ring of resist corrosion
MPRegen  0.10/turn              w - ring of ice

@: lethally poisoned (-3 -> -11)
A: talons 1, clumsy 1, frail 1, wild magic 1
a: Evoke Berserk Rage


You were on level 4 of the Dungeon.
You were not hungry.

You visited 1 branch of the dungeon, and saw 4 of its levels.

You collected 135 gold pieces.

Inventory:

Hand Weapons
 a - a +1 war axe
 x - a cursed -2 flail (weapon)
Armour
 b - a +0 scale mail (worn)
 c - a +0 shield (worn)
 q - a +0 leather armour of magic resistance
Jewellery
 l - an amulet of rage (around neck)
 n - a ring of resist corrosion (left hand)
 w - a ring of ice (right hand)
Wands
 p - a wand of polymorph (8)
Scrolls
 h - a scroll of fog
 i - 2 scrolls of fear
 m - a scroll of amnesia
 o - a scroll of magic mapping
Potions
 d - 2 potions of might
 e - a potion of magic
 g - 2 potions of mutation
 j - 3 potions of ambrosia {unknown}
 s - a potion of agility {unknown}
 t - a potion of lignification {unknown}
Comestibles
 f - 2 rations


   Skills:
 - Level 3.6 Fighting
 + Level 9.1 Axes
 - Level 3.2 Armour
 - Level 3.2 Shields


You had 5 spell levels left.
You didn't know any spells.
Your spell library was empty.

Dungeon Overview and Level Annotations

Branches:
Dungeon (4/15)
 Temple: D:4-7

Altars:
Nemelex Xobeh


Innate Abilities, Weirdness & Mutations

You have sharp toenails.
You are clumsy. (Dex -2)
You are frail. (-10% HP)
Your spells are a little harder to cast, but a little more powerful.


Message History

You feel sick.
The worker ant bites you but does no damage.
The worker ant bites you.
* * * LOW HITPOINT WARNING * * *
* * * LOW HITPOINT WARNING * * *
You feel sick.
You see here 11 gold pieces.
* * * LOW HITPOINT WARNING * * *
You feel sick.
There is a stone staircase leading up here.
It was a potion of mutation.
You feel extremely strange.
Your toenails lengthen and sharpen.
You feel frail.
You feel clumsy.
You feel less in control of your magic.
* * * LOW HITPOINT WARNING * * *
You feel sick. You block the worker ant's attack.
You fail to use your ability.
* * * LOW HITPOINT WARNING * * *
You feel sick. You block the worker ant's attack.
You fail to use your ability.
The worker ant bites you.
You die...

#.# ### #.#.....
#####)####... #+#.....
#............ .......
#.....................
#.................####
#.....[......##%#.
#............ #.#.
#....a.......
#....@.......
#.........###
#####+#####


You could see a worker ant.

Vanquished Creatures
  Grinder (D:3)
  A worker ant (D:4)
  7 adders
  3 gnolls (D:3)
  An ooze (D:1)
  A worm (D:3)
  3 dart slugs (D:1)
  A leopard gecko (D:2)
  9 orcs (D:3)
  5 giant cockroaches
  4 goblins
  6 hobgoblins
  A quokka (D:2)
  3 bats
  A frilled lizard (D:1)
  2 kobolds
  4 rats (D:3)
53 creatures vanquished.

Notes
Turn   | Place    | Note
-------+----------+-------------------------------------------
     0 | D:1      | Lysie the Hill Orc Fighter began the quest for the Orb.
     0 | D:1      | Reached XP level 1. HP: 19/19 MP: 1/1
    32 | D:1      | Reached skill level 3 in Axes
   205 | D:1      | Reached XP level 2. HP: 20/26 MP: 2/2
   483 | D:1      | Reached skill level 4 in Axes
   989 | D:2      | Reached XP level 3. HP: 31/31 MP: 3/3
  1058 | D:3      | Reached skill level 5 in Axes
  1700 | D:2      | Reached XP level 4. HP: 37/39 MP: 4/4
  1921 | D:3      | Noticed Grinder
  1931 | D:3      | Killed Grinder
  1931 | D:3      | Reached skill level 8 in Axes
  1931 | D:3      | Reached XP level 5. HP: 23/45 MP: 5/5
  1931 | D:3      | Reached XP level 6. HP: 27/51 MP: 6/6
  2482 | D:3      | Reached skill level 9 in Axes
  2560 | D:3      | Found a sparkling altar of Nemelex Xobeh.
  2900 | D:4      | Noticed a phantom
  3282 | D:4      | Gained mutation: You have sharp toenails. [potion of
                  | mutation]
  3282 | D:4      | Gained mutation: You are frail. (-10% HP) [potion of
                  | mutation]
  3282 | D:4      | Gained mutation: You are clumsy. (Dex -2) [potion of
                  | mutation]
  3282 | D:4      | Gained mutation: Your spells are a little harder to cast,
                  | but a little more powerful. [potion of mutation]
  3284 | D:4      | Slain by a worker ant

Skill      XL: |  1  2  3  4  5  6 |
---------------+-------------------+-----
Axes           | 3 4 5 8 9 |  9.1
Fighting       | |  3.6
Armour         | |  3.2
Shields        | |  3.2

Action                   |  1- 3 |  4- 6 || total
-------------------------+-------+-------++-------
Melee: War axe           |    79 |    94 ||   173
       Flail             |       |    39 ||    39
 Abil: Evoke Berserk Rag |       |     2 ||     2
  Use: Scroll            |     2 |     7 ||     9
       Potion            |       |     1 ||     1
  Eat: Ration            |     1 |     2 ||     3
       Chunk             |       |     3 ||     3
Armor: Scale mail        |    22 |    39 ||    61
Dodge: Dodged            |    21 |    35 ||    56
Block: Shield            |    38 |    64 ||   102
